[Event "Late-Titled-Tuesday-Blitz-June-04-2024"]
[Site "Chess.com"]
[Date "2024.06.04"]
[Round "4"]
[White "Kimkibo"]
[Black "szachmistrz2500"]
[Result "1-0"]
[WhiteElo "2345"]
[BlackElo "2491"]
[TimeControl "180+1"]
[EndTime "14:39:35 PDT"]
[Termination "Kimkibo won by resignation"]

1. d4 Nf6 2. Nf3 g6 3. Bf4 Bg7 4. e3 d6 5. Be2 O-O 6. h3 b6 7.
O-O Bb7 8. c4 Nbd7 9. Nc3 Re8 10. Bh2 e5 11. Rc1 Qe7 12. b4 Ne4 13. Nd5 Qd8 14. Bd3 Ndf6 15. Bxe4 Nxe4 16. b5 a6 17. a4 axb5 18. axb5 Nf6 19. Nb4 Nd7 20. Re1 Qf6 21. Nd5 Qd8 22. Re2 Nf6 23. Nb4 Bxf3 24. gxf3 exd4 25. exd4 Qd7 26. Kg2 Rxe2 27. Qxe2 Re8 28.
Qd2 Nh5 29. Nc6 Qf5 30. Re1 Qd7 31. Re4 Nf6 32. Rxe8+ Qxe8 33. Qe3 Qd7 34. Bg3 Nh5 35. Ne7+ Kf8 36. Nd5 Nf6 37. Nb4 h6 38. Nc6 Kg8 39. c5 Nd5 40. Qb3 Ne7 41. cxd6 cxd6 42. Nxe7+ Qxe7 43. Qd5 Qf6 44. Bxd6 Qxd4 45. Qa8+ Kh7 46. Bg3 f5 47.
Qb7 g5 48. Bb8 Kg6 49. Qc6+ Bf6 50. Bc7 g4 51. hxg4 fxg4 52. Bxb6 gxf3+ 53. Kxf3 Qd3+ 54. Kg2 Qf5 55. Qf3 Bc3 56. Qxf5+ Kxf5 57. Be3 h5 58. b6 Be5 59. b7 Kg4 60. Ba7 h4 61. b8=Q Bxb8 62.
Bxb8 h3+ 63. Kg1 Kf3 64. Kf1 Ke4 65. Bh2 Kf5 66. Ke2 Ke4 67. f3+ Kf5 68. Ke3 1-0

[Event "Late-Titled-Tuesday-Blitz-June-04-2024"]
[Site "Chess.com"]
[Date "2024.06.04"]
[Round "4"]
[White "Rutricks"]
[Black "Pitomina"]
[Result "0-1"]
[WhiteElo "2675"]
[BlackElo "2514"]
[TimeControl "180+1"]
[EndTime "14:39:39 PDT"]
[Termination "Pitomina won by resignation"]

1. Nc3 e5 2. Nf3 Nc6 3. d4 exd4 4. Nxd4 Nf6 5. Bf4 Bc5 6. Ndb5 d6 7. Bg5 a6 8. Bxf6 Bxf2+ 9. Kd2 gxf6 10. Na3 Qe7 11. Nd5 Qe5 12. e4 Kd8 13. Qf3 Bh4 14.
Nc4 Qd4+ 15. Bd3 Ne5 16. Nxe5 Bg5+ 17. Ke2 Qxe5 18. h4 Bh6 19. Qxf6+ Qxf6 20. Nxf6 Bg7 21. Raf1 Be6 22. b3 c6 23. Nh5 Bg4+ 24. Ke1 Bxh5 25. g4 Bc3+ 26. Kd1 Bxg4+ 27. Kc1 Ke7 28. Rhg1 Be6 29. e5 Bxe5 30. Re1 Rag8 31. Rgf1 Bc3 32. Re3 Rg2 33. Bc4 Be5 34. Bd3 Rhg8 35. Be4 Rg1 36.
Rf3 Rxf1+ 37. Rxf1 Rg4 38. Bxh7 Rxh4 39. Bd3 Bc3 40. Rg1 Rf4 41. a3 Bf5 42. Be2 Be4 43.
b4 d5 44. Rg3 Be5 45. Rg8 Rf2 46. Kd2 Bd4 47. Ke1 Rh2 48. Rb8 b6 49. Rb7+ Kd6 50.
Rxf7 Rh1+ 51. Kd2 Ra1 52. c3 Be5 53. Bxa6 Rxa3 54. Bc8 Bxc3+ 55. Ke3 Bxb4+ 56. Kf4 Kc5 57. Rc7 b5 58. Bd7 Kd4 59. Rxc6 Bc5 60. Rc8 b4 61.
Rb8 b3 62. Bf5 Bxf5 63. Kxf5 Kc3 64. Rb5 b2 65. Rxc5+ Kd2 66. Rb5 Kc2 67. Rc5+ Rc3 68. Rxd5 b1=Q 69. Rb5 Qxb5+ 0-1

[Event "Late-Titled-Tuesday-Blitz-June-04-2024"]
[Site "Chess.com"]
[Date "2024.06.04"]
[Round "4"]
[White "ACH19"]
[Black "The_Sherman_Variation"]
[Result "0-1"]
[WhiteElo "2257"]
[BlackElo "2599"]
[TimeControl "180+1"]
[EndTime "14:39:39 PDT"]
[Termination "The_Sherman_Variation won on time"]

1. e4 b6 2. d4 Bb7 3. Bd3 e6 4. Nf3 Nf6 5. Qe2 Be7 6. O-O d5 7. e5 Ne4 8. Nbd2 Nxd2 9. Bxd2 h6 10. c3 c5 11. a3 Nd7 12. Rfe1 Qc7 13. c4 dxc4 14.
Bxc4 O-O 15. Rac1 Rac8 16. Bd3 Qb8 17. Bb1 Rfd8 18. dxc5 Bxc5 19. Bc3 Qa8 20. Nh4 Nf8 21. Qg4 Be7 22. Re3 b5 23. Rg3 Bg5 24. f4 Rc4 25.
Rf1 Qc8 26. Bd3 Qc5+ 27. Kh1 Rcd4 28. Bxd4 Rxd4 29. Qe2 Rxf4 30. Nf3 Bxf3 31. Rgxf3 Rxf3 32. Rxf3 Nd7 33. Qe4 g6 34. h3 Nxe5 35. Rf1 Nxd3 36.
Qxd3 a6 37. b4 Qc7 38. Qf3 Kg7 39. Qf2 e5 40. g3 Qc6+ 41. Kh2 Qe6 42. h4 Be7 43.
Qe3 Bd6 44. Re1 Qg4 45. Qe4 Qe6 46. Qc6 e4 47. Qxe4 Qf6 48. Qe3 Qxh4+ 49. Kg2 Qf6 50. Rf1 Qb2+ 51. Rf2 Qa1 52. Qf3 f5 53. Qc6 Qd4 54.
Re2 Kf6 55. Qe8 Qd5+ 56. Kh2 Kg5 57. Qd8+ Kg4 58. Qh4+ Kf3 59. Rg2 g5 60. Qxh6 f4 61. Qh5+ Ke4 62. Qe2+ Kf5 63. g4+ Kf6 0-1

[Event "Late-Titled-Tuesday-Blitz-June-04-2024"]
[Site "Chess.com"]
[Date "2024.06.04"]
[Round "4"]
[White "picturesquecheck"]
[Black "alexrustemov"]
[Result "0-1"]
[WhiteElo "2453"]
[BlackElo "2822"]
[TimeControl "180+1"]
[EndTime "14:39:43 PDT"]
[Termination "alexrustemov won by resignation"]

1. g3 d5 2. Bg2 Nf6 3. Nf3 Bf5 4. O-O e6 5. d3 c6 6. Nbd2 h6 7. c4 Be7 8. Re1 O-O 9. b3 a5 10. Bb2 Na6 11. e4 dxe4 12. dxe4 Bh7 13. Bxf6 Bxf6 14.
e5 Be7 15. Ne4 Nc5 16. Nxc5 Bxc5 17. Nd2 Bb4 18. Re2 Bd3 19. Re3 Bc5 20. Re1 Qd4 21.
Qf3 Rfd8 22. Nf1 Bg6 23. Qe2 Bd3 24. Qf3 Bxf1 25. Bxf1 Qb2 26. Reb1 Qxe5 27. Re1 Qb2 28. Reb1 Qc2 29. Rc1 Qg6 30. Rd1 Qg5 31. Bd3 g6 32. h4 Qe5 33. Re1 Qg7 34. Rad1 h5 35. Kg2 Bd4 36. Bc2 Qf6 37. Qxf6 Bxf6 38. f4 Kg7 39. Kf3 Bd4 40. Ke4 c5 41. Kf3 Kf6 42. Be4 Rab8 43. Rd2 Rd6 44. Red1 b5 45. cxb5 Rxb5 46. Bd3 Rb4 47. Bc4 a4 48. Kg2 a3 49.
Kf3 Rdb6 50. Ke4 Ke7 51. Kf3 f6 52. Re2 e5 53. fxe5 fxe5 54. Kg2 Rxc4 55. bxc4 Rb4 56. Rc2 Ke6 57. Kf3 Kf5 58. Kg2 e4 59. Rf1+ Ke5 60.
Re1 e3 61. Kf3 Rb8 62. Rxe3+ Bxe3 63. Kxe3 Rb2 64. Kd3 Rb1 65. Rc3 Rg1 66. Kc2 Kd4 67. Kb3 Rb1+ 0-1

[Event "Late-Titled-Tuesday-Blitz-June-04-2024"]
[Site "Chess.com"]
[Date "2024.06.04"]
[Round "4"]
[White "lamomiajunior"]
[Black "PotapovaM"]
[Result "0-1"]
[WhiteElo "2720"]
[BlackElo "2551"]
[TimeControl "180+1"]
[EndTime "14:39:45 PDT"]
[Termination "PotapovaM won by resignation"]

1. e4 g6 2. d4 Bg7 3. Nc3 d6 4. Be3 a6 5. Nf3 b5 6. Bd3 Nd7 7. O-O Bb7 8. a4 c6 9. Re1 Ngf6 10. Qd2 Ng4 11. Bg5 h6 12. Bh4 O-O 13. h3 Ngf6 14. e5 dxe5 15. dxe5 Nd5 16. Nxd5 cxd5 17. e6 fxe6 18. Rxe6 g5 19. Bg3 Nc5 20. Ree1 Nxd3 21. Qxd3 bxa4 22. Be5 Rf7 23. Bxg7 Rxg7 24. Nd4 Bc8 25.
Rxa4 Qd6 26. Nf3 Bd7 27. Rd4 Bb5 28. Qd2 e6 29. c4 Bc6 30. Ne5 Bb7 31. b4 Rf8 32. c5 Qe7 33. Ng4 Rg6 34. Ne5 Rg7 35. f3 h5 36. Qe3 Bc8 37. Rdd1 Qf6 38. Qd4 Qh6 39. c6 Rf4 40. Qb6 Rf8 41. Qe3 Qf6 42.
Rc1 Rc7 43. Qb6 Rg7 44. c7 Qf5 45. Qd4 Qf6 46. Rc5 Qf5 47. Rec1 Qf6 48. Nc6 Qh6 49. Na7 g4 50. hxg4 hxg4 51. Nxc8 Rxc8 52. fxg4 Rh7 53. Qe5 Rf8 54. Qh5 Qe3+ 55. Kh2 Rxh5+ 56. gxh5 Qf4+ 57.
Kg1 Qd4+ 58. Kh1 Qh4+ 59. Kg1 Qd4+ 60. Kh1 Rc8 61. b5 Qh4+ 62. Kg1 axb5 63. Rxb5 Qd4+ 64.
Kh1 Qe3 65. Rbb1 Qe5 66. Rb7 Qxh5+ 67. Kg1 Qe5 68. Kh1 d4 69. Rb3 Rxc7 70. Rf1 Rh7+ 71.
Kg1 Qh2+ 72. Kf2 Rf7+ 73. Ke2 Qxg2+ 0-1

[Event "Late-Titled-Tuesday-Blitz-June-04-2024"]
[Site "Chess.com"]
[Date "2024.06.04"]
[Round "4"]
[White "Tol_Tol"]
[Black "zacachess"]
[Result "1-0"]
[WhiteElo "2383"]
[BlackElo "2522"]
[TimeControl "180+1"]
[EndTime "14:39:48 PDT"]
[Termination "Tol_Tol won by checkmate"]

1. d4 Nf6 2. c4 e6 3. Nc3 Bb4 4. e3 b6 5. Bd3 Bb7 6. Nf3 O-O 7.
O-O c5 8. Na4 cxd4 9. a3 Be7 10.
exd4 d5 11. c5 Ne4 12. b4 Nd7 13. Be3 f5 14. Rc1 Rc8 15. Re1 Bf6 16. Bb1 g5 17. Nd2 f4 18. Nxe4 dxe4 19. Bd2 Bxd4 20. Bxe4 Bxe4 21.
Rxe4 bxc5 22. Rxe6 Rf6 23. Qg4 Rxe6 24. Qxe6+ Kg7 25.
bxc5 Nxc5 26. Nxc5 Rxc5 27. Rxc5 Bxc5 28. Bc3+ Kf8 29.
Qf5+ Ke8 30. Qe5+ Kf8 31. Qf5+ Ke8 32. h4 Qd1+ 33. Kh2 Qh5 34. Qxc5 Qxh4+ 35. Kg1 Qh5 36. Qe5+ Kd7 37. Bb4 Qd1+ 38. Qe1 Qd5 39. Qe7+ Kc6 40.
Qxh7 g4 41. Qg6+ Kb5 42. Qxg4 Qc4 43. Qf3 a5 44. Be1 Ka4 45. g3 fxg3 46. fxg3 Qd4+ 47. Bf2 Qc4 48. Qf4 Qxf4 49. gxf4 Kxa3 50. f5 Kb3 51. f6 a4 52. f7 a3 53. f8=Q Ka2 54. Qc8 Kb1 55. Qf5+ Ka2 56. Qd5+ Kb1 57. Bd4 a2 58. Qb3+ Kc1 59. Qxa2 Kd1 60. Bc3 Kc1 61. Qb2+ Kd1 62. Qd2# 1-0

[Event "Late-Titled-Tuesday-Blitz-June-04-2024"]
[Site "Chess.com"]
[Date "2024.06.04"]
[Round "4"]
[White "ChessSG1"]
[Black "SahaNeelash"]
[Result "0-1"]
[WhiteElo "2477"]
[BlackElo "2679"]
[TimeControl "180+1"]
[EndTime "14:39:51 PDT"]
[Termination "SahaNeelash won by resignation"]

1. c4 e6 2. g3 d5 3. Bg2 Nf6 4.
Nf3 Be7 5. O-O O-O 6. b3 c6 7.
Bb2 Nbd7 8. d4 Re8 9. Nbd2 Bf8 10. Qc2 g6 11. e4 dxe4 12. Nxe4 Nxe4 13. Qxe4 Bg7 14. Rad1 Nf6 15. Qe2 Qc7 16. Ne5 Bd7 17. Rfe1 Rad8 18. c5 Bc8 19. Nc4 Nd5 20. Nd6 Rxd6 21.
cxd6 Qxd6 22. h4 Rd8 23. h5 Nf6 24. hxg6 hxg6 25. Bc1 Nd5 26. Bg5 Bf6 27. Bxf6 Nxf6 28. Qe5 Nd5 29. Qxd6 Rxd6 30. Bxd5 Rxd5 31. Re5 Rd6 32.
Kg2 f6 33. Ree1 Kg7 34. Kf3 b6 35. Ke3 Bd7 36. Rc1 Rd5 37. Rc3 Ra5 38. Re2 Rh5 39. Rec2 e5 40. dxe5 Rxe5+ 41. Kd2 c5 42. Rd3 Bf5 43.
f4 Bxd3 44. Kxd3 Re7 45. a4 Kf7 46. a5 Ke6 47. a6 Kd6 48. Rh2 Kc6 49. Rh6 Rg7 50.
Rh8 Kb5 51. Rf8 f5 52. Rf6 Kxa6 53. Kc4 Kb7 54. Kd5 Kc7 55. Ke6 a5 56. Rf8 Rd7 57.
Kf6 Rd6+ 58. Ke5 Rd3 59. Rf7+ Kb8 60. Rf8+ Kb7 61. Rf7+ Ka6 62. Kf6 Rxg3 63. Rg7 Rxb3 64. Rxg6 Rf3 65. Kxf5 a4 66. Ke4 Rf1 67. Rg3 b5 68. f5 b4 69. Rf3 Rxf3 70. Kxf3 a3 71. f6 a2 72. f7 a1=Q 73. f8=Q Qf1+ 0-1

[Event "Late-Titled-Tuesday-Blitz-June-04-2024"]
[Site "Chess.com"]
[Date "2024.06.04"]
[Round "4"]
[White "HeinichessPY"]
[Black "zverr1"]
[Result "0-1"]
[WhiteElo "2278"]
[BlackElo "2605"]
[TimeControl "180+1"]
[EndTime "14:39:51 PDT"]
[Termination "zverr1 won on time"]

1. e4 c5 2. Nf3 Nc6 3. Nc3 g6 4. g3 Bg7 5. Bg2 e5 6. O-O Nge7 7. d3 O-O 8. Be3 d6 9. Qd2 Nd4 10. Ne1 Rb8 11. Nd1 b5 12. c3 Ndc6 13. Bh6 b4 14. Bxg7 Kxg7 15. f4 f6 16. Ne3 Be6 17. Nf3 bxc3 18.
bxc3 Qa5 19. Nh4 Bg8 20. fxe5 Nxe5 21. Rf2 Be6 22. Raf1 Rf7 23. h3 Rbf8 24. g4 Qc7 25.
Nf3 Nxf3+ 26. Bxf3 Qd7 27. Bd1 d5 28. Bb3 dxe4 29. dxe4 Qxd2 30. Rxd2 Bxb3 31. axb3 Nc6 32. Nc4 Re7 33. Re1 Rfe8 34. Rd6 Ne5 35. Ra6 Nxc4 36.
bxc4 Rxe4 37. Rxa7+ Kh6 38. Rd1 Re3 39. Rdd7 Rxh3 40. Kg2 Rxc3 41. Rxh7+ Kg5 42. Rac7 Re2+ 43. Kf1 Re5 44. Rhd7 Rxc4 45. Kf2 Rf4+ 46. Kg1 Rxg4+ 47. Kf2 Rf4+ 48. Kg3 Rg4+ 49. Kf3 Rc4 50. Rd1 Rf5+ 51. Kg3 Rc3+ 52. Kg2 Re5 53. Rd2 Rce3 54. Rc2 Re2+ 55. Rxe2 Rxe2+ 56. Kf3 Re5 57. Rc8 Rf5+ 58. Kg3 Re5 59.
Rc6 Kf5 60. Rc7 g5 61. Rc6 Re3+ 62. Kf2 Rc3 63. Ke2 g4 64. Rc8 Kf4 65. Rf8 f5 66. Kf2 Rc2+ 67. Kf1 g3 68. Kg1 Kg4 69. Rg8+ Kf3 0-1

[Event "Late-Titled-Tuesday-Blitz-June-04-2024"]
[Site "Chess.com"]
[Date "2024.06.04"]
[Round "4"]
[White "Itay121"]
[Black "Zorbos"]
[Result "1/2-1/2"]
[WhiteElo "2540"]
[BlackElo "2719"]
[TimeControl "180+1"]
[EndTime "14:39:52 PDT"]
[Termination "Game drawn - insufficient material"]

1. e4 c6 2. d4 d5 3. f3 g6 4. Nc3 Bg7 5. Be3 dxe4 6. fxe4 e5 7. Nf3 exd4 8. Bxd4 Bxd4 9. Qxd4 Qxd4 10. Nxd4 Ne7 11. O-O-O O-O 12. h4 Nd7 13. h5 Ne5 14. hxg6 hxg6 15.
Be2 Kg7 16. Nf3 Nxf3 17. gxf3 Be6 18. b3 Rh8 19. Kb2 Rxh1 20. Rxh1 Rd8 21. Bd3 g5 22. Ne2 Ng6 23. Kc3 Kf6 24. Kd2 c5 25. Ke3 Ne5 26. f4 gxf4+ 27. Nxf4 Rg8 28. Rh6+ Kg7 29. Rh5 Kf6 30.
Rh6+ Ke7 31. Kd2 Rg4 32. Nxe6 fxe6 33. Rh7+ Nf7 34. Kc3 Kf6 35. a4 b6 36. e5+ Nxe5 37. Rxa7 Rg7 38. Rxg7 Kxg7 39. b4 Kf6 40. bxc5 bxc5 41.
a5 Ke7 42. Kb3 Kd6 43. Ka4 Kc7 44. Kb5 Nd7 45. Bc4 e5 46. Be6 e4 47. Kc4 e3 48.
Kd3 Ne5+ 49. Kxe3 Nc6 50. a6 Kb6 51. Bc4 Na5 52. Be2 c4 53. Kd4 Kxa6 54. Bxc4+ Kb6 55. Bd5 Kb5 56. c3 Kb6 57. Kd3 Kc5 58. Bg8 Nc6 59.
Kc2 Na5 60. Kb2 Nc6 61. Kb3 Ne5 62. Be6 Nc6 63. Bf5 Na5+ 64. Kc2 Nc6 65. Kd3 Na5 66. Be6 Nc6 67. Ba2 Na5 68. Ke4 Nc6 69. Bd5 Nb4 70. c4 Nc2 71. Kd3 Na3 72. Kc3 Nxc4 1/2-1/2

[Event "Late-Titled-Tuesday-Blitz-June-04-2024"]
[Site "Chess.com"]
[Date "2024.06.04"]
[Round "4"]
[White "Oleg_Papayan"]
[Black "kingofthenil"]
[Result "1/2-1/2"]
[WhiteElo "2569"]
[BlackElo "2878"]
[TimeControl "180+1"]
[EndTime "14:39:52 PDT"]
[Termination "Game drawn by repetition"]

1. e4 Nc6 2. Nf3 d5 3. exd5 Qxd5 4. Nc3 Qh5 5. Nb5 Kd8 6. d4 Bg4 7. Bf4 a6 8. Nxc7 Rc8 9. d5 Bxf3 10. Qxf3 Qxf3 11.
gxf3 Nd4 12. O-O-O Nxf3 13. d6 exd6 14. Nd5 Nf6 15. Nxf6 gxf6 16. Bg2 Ne5 17. Bxb7 Rc4 18. Bxe5 fxe5 19. Bxa6 Ra4 20. Bb5 Rxa2 21. Kb1 Ra7 22. c4 Rg8 23. f4 exf4 24. Rhf1 Rg4 25. Rd4 Bg7 26. Rdxf4 Rxf4 27. Rxf4 Re7 28. Rg4 Bf6 29.
Rg8+ Kc7 30. Re8 Re5 31. Rxe5 Bxe5 32. h3 Kb6 33. Be8 f5 34. Kc2 Kc5 35. Kd3 Bxb2 36. Bd7 f4 37. Be6 Bc1 38. Ke4 Be3 39. Kf3 Kd4 40. Bd5 Ke5 41. Bg8 h6 42. Bd5 Kf5 43. Bg8 Kg5 44. Be6 Kh4 45. Bd7 Bc1 46. Be6 Kg5 47.
Bd7 Kf6 48. Bc6 Ke5 49. Bd5 Kd4 50. Bf7 Ke5 51. Bd5 Ba3 52. Bf7 Bc5 53. Bd5 Be3 54. Bg8 Kf5 55. Bd5 Kg5 56. Be6 Bc1 57. Bd7 Kf6 58. Bc6 Ke6 59. Bd5+ Kf5 60. Bg8 Kg5 61.
Be6 Kh4 62. Bf5 Bd2 63. Be6 Be3 64. Bf5 h5 65. Be6 Kg5 66. Bf7 Bd2 67. Be8 Bc1 68. Bf7 Bb2 69. Be8 Be5 70. Bf7 Kh4 71. Be8 Kg5 72. Bf7 h4 73. Bd5 Bc3 74. Bg8 Be1 75.
Bd5 Bg3 76. Bg8 Kf6 77. Bd5 Ke5 78. Bg8 Kd4 79. Bd5 Kc5 80. Be6 Kb4 81. Bd5 Ka5 82. Be6 Kb6 83. Bd5 Kc7 84. Be6 Kd8 85. Bd5 Ke7 86. Ke4 Kf8 87. Kf3 Kg7 88. Ke4 Kf6 89.
Kf3 Ke7 90. Ke4 Kd7 91. Kf3 Kc7 92. Ke4 Kb6 93. Kf3 Kc5 94. Ke4 Kb4 95. Kf3 Kc3 96.
Ke4 Kd2 97. Kf3 Kd3 98. Be6 Kd4 99. Bd5 Kd3 100. Bg8 Kd2 101. Bd5 Ke1 102. Bg8 Kf1 103. Bd5 Kg1 104. Be6 Kh2 105. Bf5 Kg1 106. Be6 Kf1 107. Bf5 Ke1 108. Be6 Kd2 109. Bd5 1/2-1/2

[Event "Late-Titled-Tuesday-Blitz-June-04-2024"]
[Site "Chess.com"]
[Date "2024.06.04"]
[Round "4"]
[White "ChEsper99"]
[Black "sailorknight"]
[Result "1/2-1/2"]
[WhiteElo "2226"]
[BlackElo "1863"]
[TimeControl "180+1"]
[EndTime "14:39:54 PDT"]
[Termination "Game drawn - insufficient material"]

1. d4 Nf6 2. c4 e6 3. Nc3 Bb4 4.
Bd2 O-O 5. e3 Bxc3 6. Bxc3 Ne4 7. Rc1 d6 8. Bd3 Nxc3 9. Rxc3 Qe7 10. Ne2 b6 11. O-O c5 12. Be4 Bb7 13. Bxb7 Qxb7 14. dxc5 dxc5 15. Rd3 Qe4 16. b3 Na6 17. Nc3 Qe5 18.
a3 h5 19. Qd2 h4 20. h3 Qg5 21. Rd1 Nc7 22. e4 Qxd2 23. R1xd2 Ne8 24. e5 g6 25. Ne4 Ng7 26. Nf6+ Kh8 27. g4 hxg3 28. fxg3 Nf5 29. Kg2 Nd4 30. Rxd4 cxd4 31. Rxd4 Kg7 32. Ne4 Rad8 33.
Nd6 f6 34. exf6+ Kxf6 35. b4 Ke7 36. c5 bxc5 37. bxc5 Rd7 38. Rg4 Rg8 39. Kf3 Rxd6 40. cxd6+ Kxd6 41. Ra4 Rg7 42. Ra6+ Kd5 43. Ke3 e5 44.
Ra5+ Kd6 45. Ke4 Rc7 46. Ra6+ Kd7 47. Rxg6 Rc3 48. h4 Rxa3 49. h5 Ra1 50. h6 a5 51.
g4 Rh1 52. g5 a4 53. Ra6 Rh5 54. Kf5 e4 55. Kg6 Rh4 56. Rxa4 Ke6 57. Kg7 Rg4 58. h7 Rxg5+ 59. Kh6 Rg1 60. h8=Q Rh1+ 61. Kg7 Rxh8 62. Kxh8 Kf5 63. Kg7 Kf4 64. Kf6 Kf3 65. Ke5 e3 66. Kd4 e2 67. Ra1 Kf2 68. Kd3 e1=Q 69. Rxe1 Kxe1 1/2-1/2

[Event "Late-Titled-Tuesday-Blitz-June-04-2024"]
[Site "Chess.com"]
[Date "2024.06.04"]
[Round "4"]
[White "Sanan_Sjugirov"]
[Black "Mackster23"]
[Result "0-1"]
[WhiteElo "2934"]
[BlackElo "2682"]
[TimeControl "180+1"]
[EndTime "14:40:00 PDT"]
[Termination "Mackster23 won by resignation"]

1. e4 c5 2. Nf3 d6 3. Bb5+ Nd7 4. O-O a6 5. Bd3 Ngf6 6. Re1 e6 7. Bf1 b5 8. a4 Bb7 9. axb5 axb5 10. Rxa8 Qxa8 11.
Bxb5 Bxe4 12. d4 Bxf3 13. gxf3 cxd4 14. Qxd4 Be7 15. Qa4 Qxf3 16. Nd2 Qb7 17. Bc6 Qc8 18. Qa8 O-O 19. Qxc8 Rxc8 20. Ba4 Nb6 21. Bb3 d5 22. c3 Bd6 23. Bc2 g6 24. Bd3 Kg7 25. Nf3 Nbd7 26.
Rd1 Ne5 27. Nxe5 Bxe5 28. Kg2 Rb8 29. h3 Bd6 30. c4 d4 31. Bc2 e5 32. b3 Nd7 33. Bd2 Bb4 34. Bg5 f6 35. Bh4 Nc5 36.
Bg3 Bc3 37. f4 e4 38. f5 Rb6 39. Bf2 e3 40. Bg3 e2 41. Rb1 d3 42. Bxd3 Nxd3 43. c5 Rb8 44. c6 Rc8 45. c7 e1=Q 46. Bxe1 Nxe1+ 47. Kf1 Nd3 48. Ke2 Ne5 49. b4 Rxc7 50. b5 Rb7 51. fxg6 hxg6 52. Ke3 Ba5 53. Kd4 Bb6+ 54.
Kd5 Kf7 55. Kd6 Be3 56. Kd5 Nd7 57. Kc6 Ra7 58. Re1 Bd4 59. Rd1 Be5 60. b6 Nxb6 61. Kxb6 Re7 62. Kc6 g5 63. Kd5 Bf4 64. Kc4 Kg6 65.
Rd8 Re3 66. Rg8+ Kh7 67. Rf8 Kg7 68. Rd8 Rxh3 69. Kd4 Kg6 70. Ke4 Re3+ 71. Kd4 Re7 72. Rg8+ Kf5 73. Rf8 Be5+ 74. Kd5 Bf4 75. Rg8 Re5+ 76.
Kd4 g4 77. Rh8 Bg5 78. Rh1 g3 79. Rf1+ Kg4 80. Rg1 Kf3 0-1

[Event "Late-Titled-Tuesday-Blitz-June-04-2024"]
[Site "Chess.com"]
[Date "2024.06.04"]
[Round "4"]
[White "Alina_Gumerovna"]
[Black "familijatop71"]
[Result "0-1"]
[WhiteElo "2110"]
[BlackElo "2295"]
[TimeControl "180+1"]
[EndTime "14:40:02 PDT"]
[Termination "familijatop71 won by checkmate"]

1. e4 d5 2. exd5 Qxd5 3. Nc3 Qa5 4. d4 c6 5. Bc4 Bf5 6. Ne2 e6 7. O-O Nd7 8. Bd2 Qc7 9. Bf4 Bd6 10. Bxd6 Qxd6 11. Ng3 Bg6 12. h4 h5 13. Nce4 Qc7 14. f4 Ne7 15. Ng5 Nf5 16. Nxf5 Bxf5 17. Qe2 Bg4 18.
Qe3 Nb6 19. Bb3 Nd5 20. Bxd5 cxd5 21. Rac1 b5 22. b3 O-O 23. c4 bxc4 24. bxc4 dxc4 25. Rc3 a5 26. Rfc1 Rfc8 27. Kf2 Rab8 28. Rxc4 Qxc4 29. Rxc4 Rxc4 30. Qd3 Rb2+ 31. Kg3 Rcc2 32. Qh7+ Kf8 33. Qe4 Rxg2+ 34. Qxg2 Rxg2+ 35. Kxg2 Ke7 36. Kf2 f6 37. Ne4 Bf5 38. Ng3 g6 39. a3 Kd6 40. Ke3 Kd5 41. Ne2 e5 42. dxe5 fxe5 43. fxe5 Kxe5 44. Nd4 Kd5 45.
Ne2 Bc2 46. Nd4 Bf5 47. Nb5 Kc5 48. Nd4 Kc4 49. Nxf5 gxf5 50. Kf4 Kb3 51. Kxf5 Kxa3 52. Kg5 Kb3 53. Kxh5 a4 54. Kg6 a3 55. h5 a2 56. h6 a1=Q 57. Kh7 Qa7+ 58. Kh8 Qb8+ 59. Kh7 Qc7+ 60. Kh8 Qd8+ 61. Kh7 Qe7+ 62. Kg8 Qg5+ 63. Kh7 Kc4 64. Kh8 Qf6+ 65. Kg8 Qg6+ 66. Kh8 Qxh6+ 67. Kg8 Kd5 68. Kf7 Qe6+ 69. Kg7 Kd6 70. Kf8 Qd7 71.
Kg8 Ke6 72. Kh8 Kf6 73. Kg8 Qg7# 0-1

[Event "Late-Titled-Tuesday-Blitz-June-04-2024"]
[Site "Chess.com"]
[Date "2024.06.04"]
[Round "4"]
[White "ericovski"]
[Black "sari07"]
[Result "1/2-1/2"]
[WhiteElo "2581"]
[BlackElo "2390"]
[TimeControl "180+1"]
[EndTime "14:40:12 PDT"]
[Termination "Game drawn by repetition"]

1. Nf3 c5 2. c4 g6 3. g3 Nc6 4. Bg2 Bg7 5. O-O e5 6. Nc3 Nge7 7. Ne1 d6 8. Nc2 Be6 9. Ne3 O-O 10. Ned5 Rb8 11.
d3 a6 12. a4 Bxd5 13. Nxd5 Nxd5 14. Bxd5 Nb4 15. Bg2 b5 16. axb5 axb5 17. Bd2 bxc4 18. dxc4 e4 19. Bxe4 Bxb2 20. Rb1 Bg7 21. Bf4 Re8 22.
Bf3 Be5 23. Qd2 Qf6 24. Rfd1 Bxf4 25. Qxf4 Qxf4 26. gxf4 Nc2 27. Rxb8 Rxb8 28. Rxd6 Rb1+ 29. Kg2 Ne1+ 30. Kg3 Nxf3 31. Kxf3 Rc1 32. f5 gxf5 33. Rd5 Rxc4 34. Rxf5 Kg7 35. e3 Kg6 36. Rd5 Rc1 37. h4 c4 38. Rg5+ Kf6 39. Rh5 Kg6 40. Rc5 c3 41.
Ke2 c2 42. e4 h5 43. Rg5+ Kh6 44. Rc5 Rh1 45. Rc6+ Kg7 46. Rxc2 Rxh4 47. Ke3 Kg6 48.
f3 f6 49. Rc1 Rh2 50. Kf4 Rg2 51. Rc6 Rg5 52. Ke3 h4 53. f4 Rg3+ 54. Kf2 Kg7 55.
Rc7+ Kg6 56. Rc6 Kg7 57. Rc5 Kg6 58. Rc8 Kg7 59. Rc6 Rg4 60. Kf3 Rg3+ 61. Ke2 Rg4 62.
Ke3 h3 63. Rc1 h2 64. Rh1 Rg3+ 65. Kf2 Rh3 66. Kg2 Re3 67. Rxh2 Rxe4 68. Kf3 Rb4 69. Kg4 Kg6 70. Re2 f5+ 71. Kg3 Rb3+ 72. Kf2 Kh5 73. Re3 Rxe3 74. Kxe3 Kg4 75. Ke2 Kxf4 76. Kf2 Ke4 77.
Ke2 f4 78. Kf2 Ke5 79. Kf3 Kf5 80.
Kf2 Kg4 81. Kg2 f3+ 82. Kf2 Kf4 83. Kf1 Ke3 84. Ke1 Ke4 85. Kf2 Kf4 86. Kf1 Kg4 87.
Kf2 Kf4 1/2-1/2

[Event "Late-Titled-Tuesday-Blitz-June-04-2024"]
[Site "Chess.com"]
[Date "2024.06.04"]
[Round "4"]
[White "Synctel"]
[Black "Godzillator"]
[Result "1/2-1/2"]
[WhiteElo "2083"]
[BlackElo "2424"]
[TimeControl "180+1"]
[EndTime "14:40:20 PDT"]
[Termination "Game drawn - insufficient material"]

1. d4 d5 2. Nf3 Nf6 3. e3 g6 4. c4 c6 5. Nc3 Bg7 6. Be2 O-O 7. b3 a6 8. O-O b5 9. cxd5 cxd5 10.
Ba3 Nc6 11. Bc5 Bf5 12. b4 Ne4 13. Nxe4 Bxe4 14. a4 bxa4 15. Qxa4 Qd7 16. Nd2 Bf5 17.
Bxa6 Bd3 18. b5 Bxf1 19. bxc6 Rxa6 20. cxd7 Rxa4 21. Rxa4 Bb5 22. Bxe7 Bxa4 23. Bxf8 Bxd7 24. Bxg7 Kxg7 25. Nb3 Kf6 26. Nc5 Bc6 27. f3 Ke7 28.
Kf2 Kd6 29. g3 f5 30. h4 Bb5 31.
g4 fxg4 32. fxg4 Ke7 33. Kg3 Kf6 34. Kf4 h6 35. g5+ hxg5+ 36. hxg5+ Ke7 37. Nb3 Bc4 38.
Nd2 Kd6 39. e4 Ba2 40. e5+ Ke6 41. Nf1 Bc4 42. Ne3 Bd3 43. Kg3 Be4 44. Kf2 Kd7 45. Ke1 Kc6 46. Kd2 Kb5 47. Kc3 Ka5 48. Nf1 Kb6 49. Nd2 Bf5 50. Kb4 Bg4 51. Nf1 Bf5 52. Ng3 Bd3 53. Kc3 Bb1 54. Ne2 Kc6 55. Nf4 Bf5 56. Kb4 Be4 57. Ne6 Bb1 58. Nc5 Bf5 59. Nb3 Bc2 60. Nc5 Bf5 61. Nb3 Bc2 62. Na5+ Kd7 63. Kc5 Ke6 64. Nb7 Be4 65. Nd6 Bf3 66.
Kc6 Bg2 67. Kc5 Be4 68. Kc6 Bf3 69. Kc7 Bg2 70. Kd8 Bf3 71. Ke8 Be4 72. Kf8 Bd3 73.
Kg7 Bc2 74. Ne8 Kf5 75. Nc7 Kxg5 76. Nxd5 Bb3 77. Ne3 Kf4 78. Ng2+ Kg3 79. Kxg6 Kxg2 80. Kf6 Kf3 81. e6 Ke4 82. e7 Ba4 83. Kf7 Kxd4 84.
e8=Q Bxe8+ 1/2-1/2

[Event "Late-Titled-Tuesday-Blitz-June-04-2024"]
[Site "Chess.com"]
[Date "2024.06.04"]
[Round "4"]
[White "gmcorrales"]
[Black "IMJonathanCarlstedt"]
[Result "0-1"]
[WhiteElo "2867"]
[BlackElo "2581"]
[TimeControl "180+1"]
[EndTime "14:40:24 PDT"]
[Termination "IMJonathanCarlstedt won by resignation"]

1. b3 d5 2. Bb2 Bg4 3. c4 e6 4.
cxd5 exd5 5. Qc2 Nf6 6. e3 Bd6 7. Nc3 c6 8. f3 Be6 9. O-O-O a5 10. Kb1 b5 11. Nge2 a4 12. Nd4 axb3 13. axb3 O-O 14. Bd3 Qe7 15. g4 b4 16. Na4 c5 17. g5 cxd4 18. gxf6 Qxf6 19. Bxd4 Be5 20. Bxe5 Qxe5 21. Qb2 Nd7 22. f4 Qxb2+ 23. Kxb2 Nf6 24. Rc1 Ne4 25. Bxe4 dxe4 26. Nc5 Rfd8 27. Rc2 Bd5 28. Ra1 Rxa1 29. Kxa1 f6 30. Kb2 Kf7 31. Na6 g5 32. Nxb4 Be6 33. Nc6 Rd6 34. fxg5 fxg5 35. Nd4 h5 36. b4 g4 37. Rc5 h4 38. Rh5 h3 39. b5 Kg6 40.
Rh8 Bd5 41. Kc3 Rd7 42. Kb4 Rc7 43. b6 Rc1 44. Rd8 g3 45. Rd6+ Kf7 46. hxg3 h2 47.
Rh6 h1=Q 48. Rxh1 Rxh1 49. Kc5 Ba8 50. Kd6 Rc1 51. Kd7 Kf6 52. g4 Kg5 53. Ne6+ Kxg4 54.
Nc7 Bb7 55. Ne6 Kf3 56. Nd8 Bc8+ 57. Kd6 Ke2 58. Kd5 Kxd2 59. Kxe4 Rb1 60. Kd5 Rxb6 61. e4 Ke3 62. e5 Kf4 63. e6 Kf5 64. e7 Bd7 65. Nf7 Kf6 66. Kc5 Rc6+ 67. Kd5 Kxe7 68. Ne5 Rd6+ 69. Kc5 Re6 70. Nc4 Rh6 71. Nb6 Rc6+ 72.
Kb5 Rc1+ 73. Ka6 Kd6 74. Kb7 Rb1 75. Ka7 Bc6 76. Nc8+ Kc7 0-1